 Seeded DCSS version 0.30.1-5-ged363bc7ee (webtiles) character file.

Game seed: 920673320228942481 (custom seed)

0 Psyclone the Stinger (level 1, 10/10 HPs)
             Began as a Deep Elf Venom Mage on Sept 19, 2023.
             Quit the game on level 1 of the Dungeon.
             The game lasted 00:00:47 (171 turns).

Psyclone the Stinger (Deep Elf Venom Mage)           Turns: 171, Time: 00:00:48

Health: 10/10      AC:  2    Str:  5    XL:     1   Next: 8%
Magic:  6/6        EV: 12    Int: 19    God:
Gold:   656        SH:  0    Dex: 15    Spells: 5/6 levels left

rFire   . . .        (no weapon)
rCold   . . .        (no shield)
rNeg    . . .        a - +0 robe
rPois   .            (no helmet)
rElec   .            (no cloak)
rCorr   .            (no gloves)
SInv    .            (no boots)
Will    .....        (no amulet)
Stlth   ++           (no ring)
HPRegen 0.21/turn    (no ring)
MPRegen 0.10/turn

%: no passive effects
@: no status effects
A: no striking features
a: no special abilities


You were on level 1 of the Dungeon.
You visited 1 branch of the dungeon, and saw 1 of its levels.

You collected 656 gold pieces.

Inventory:

Hand Weapons
 c - a +7 quick blade of draining
Armour
 a - a +0 robe (worn)
Magical Staves
 d - the staff of poison "Qozuc" {rPois MP+9 Int+5}
   (You acquired it on level 1 of the Dungeon)

   [staff of poison]

   Base accuracy: +5 Base damage: 5 Base attack delay: 1.2 This weapon's minimum
   attack delay (0.6) is reached at skill level 12.
   Int:       It affects your intelligence (+5).
   rPois:     It protects you from poison.
   MP:        It affects your magic capacity (+9).
   It falls into the 'Staves' category.
   It is a one-handed weapon.
Potions
 b - a potion of magic


   Skills:
 + Level 2.4 Dodging
 + Level 2.4 Stealth
 + Level 3.0 Spellcasting
 + Level 1.1 Transmutations
 + Level 3.3 Poison Magic


You had 5 spell levels left.
You knew the following spells:

 Your Spells              Type           Power      Damage    Failure   Level
a - Sting                 Tmut/Pois      44%        1d5       6%          1

Your spell library contained the following spells:

 Spells                   Type           Power      Damage    Failure   Level
 Poisonous Vapours        Pois/Air       18%        N/A       12%         2
 Mephitic Cloud           Conj/Pois/Air  7%         N/A       28%         3
 Olgreb's Toxic Radiance  Pois           15%        N/A       36%         4


Dungeon Overview and Level Annotations

Branches:
Dungeon (1/15) Zot: 5829

Altars:


Message History

The dart slug launches a dart at you. The slug dart hits you.
You take 2 damage, and have 8/10 hp.
The dart slug launches a dart at you. The slug dart hits you.
The dart slug launches a dart at you. The slug dart misses you.
Health restored: 10 As you open the door, it creaks loudly!
There is an open door here.
You start waiting.
Done waiting.
A ball python comes into view.
Casting: Sting (safe; 6% risk of failure)
Confirm with . or Enter, or press ? or * to list all spells.
Aiming: Sting (safe; 6% risk of failure)
Press: ? - help, Shift-Dir - straight line, f - ball python
Aim: a ball python (asleep, 100% to hit)
The sting hits the ball python.
The ball python is poisoned.
You kill the ball python!
You now have 5/6 mp.
Casting: Sting (safe; 6% risk of failure)
Confirm with . or Enter, or press ? or * to list all spells.
You can't see any susceptible monsters within range! (Use Z to cast anyway.) Unknown command.
Found a stone staircase leading down.
There is a stone staircase leading down here.
MP restored: 6
Found 3 scrolls labelled NOEDYA EDEF.
Found a hand axe.
c - 3 scrolls labelled NOEDYA EDEF This is a scroll of acquirement!
Something appears at your feet! Something appears at your feet!
Something appears at your feet!
You now have 656 gold pieces.
Things that are here:
the staff of poison "Qozuc" {rPois MP+9 Int+5}; a +7 quick blade of draining
c - a +7 quick blade of draining
d - the staff of poison "Qozuc" {rPois MP+9 Int+5} Are you sure you want to abandon this character and quit the game? (Confirm with "yes".)

####### .. #..... ..#.
#.... .... ##... #... ...
...###.# ...#.# #+#
#.#@#####. #######
....#.........) ......#
#.....#.######.#
...##.#.#...#....##
....#.#.##+#####..##
......#. #.######..#
....###.##........>#
###.###......†............
#.#.....################


There were no monsters in sight!

Vanquished Creatures
  A ball python (D:1)
1 creature vanquished.

Notes
Turn   | Place    | Note
-------+----------+-------------------------------------------
     0 | D:1      | Psyclone the Deep Elf Venom Mage began the quest for the
                  | Orb.
     0 | D:1      | Reached XP level 1. HP: 10/10 MP: 6/6
   164 | D:1      | Identified 3 scrolls of acquirement
   164 | D:1      | Acquired 656 gold pieces
   165 | D:1      | Acquired a +7 quick blade of draining
   166 | D:1      | Acquired the staff of poison "Qozuc" {rPois MP+9 Int+5}
   171 | D:1      | Quit the game

Illustrated notes

Levels and vault maps discovered:
D:1:      dpeg_arrival_orchard, layout_basic

Action                     || total
---------------------------++-------
   Cast: Sting             ||     1
    Use: Scroll            ||     3
  Dodge: Dodged            ||     1
